 Dungeon Crawl Stone Soup version 0.26.0-91-g99b343417d (webtiles) character file.

Game seed: 14461365523744742744

761 witty the Caller (level 8, -2/42 HPs)
             Began as a Kobold Summoner on Feb 4, 2021.
             Was a Believer of Sif Muna.
             Slain by an orc warrior
             ... wielding a +0 trident
              (4 damage)
             ... on level 6 of the Dungeon.
             The game lasted 00:35:21 (9318 turns).

witty the Caller (Kobold Summoner)                  Turns: 9318, Time: 00:35:21

Health: -2/42      AC:  3    Str:  6    XL:     8   Next: 8%
Magic:  8/15       EV: 17    Int: 18    God:    Sif Muna [**....]
Gold:   582        SH:  0    Dex: 15    Spells: 3/17 levels left

rFire    . . .     SeeInvis .   j - +0 spear
rCold    . . .     Faith    .   (shield restricted)
rNeg     + . .     Spirit   .   a - +1 robe
rPois    .         Reflect  .   (no helmet)
rElec    .         Harm     .   (no cloak)
rCorr    .         Rampage  .   (no gloves)
Will     .....                  (no boots)
Stlth    ++++......             (no amulet)
HPRegen  0.14/turn              l - ring of positive energy
MPRegen  0.14/turn              (no ring)

@: no status effects
A: small, repulsion field 1, nightstalker 3, wild magic 1
a: Renounce Religion, Channel Magic


You were on level 6 of the Dungeon.
You worshipped Sif Muna.
Sif Muna was pleased with you.
You visited 1 branch of the dungeon, and saw 6 of its levels.
You also visited: Ossuary.

You collected 582 gold pieces.

Inventory:

Hand Weapons
 b - a +0 dagger
 g - a +0 trident
 j - a +0 spear (weapon)
Armour
 a - a +1 robe (worn)
Jewellery
 l - a ring of positive energy (left hand)
Scrolls
 c - 2 scrolls of remove curse
 d - 2 scrolls of teleportation
 e - 5 scrolls of identify
 f - a scroll of amnesia
 h - a scroll of enchant armour
 m - a scroll of enchant weapon {unknown}
Potions
 i - 2 potions of mutation
 k - 3 potions of curing
 n - a potion of heal wounds
 o - a potion of lignification {unknown}
 p - a potion of resistance {unknown}


   Skills:
 - Level 0.8 Fighting
 - Level 1.1 Polearms
 - Level 2.4 Dodging
 - Level 4.1 Stealth
 + Level 5.2 Spellcasting
 + Level 6.2 Summonings
 + Level 3.0 Ice Magic
 + Level 1.5 Air Magic


You had 3 spell levels left.
You knew the following spells:

 Your Spells              Type           Power        Failure   Level
a - Summon Small Mammal   Summ           100%         2%          1
b - Call Imp              Summ           35%          3%          2
c - Summon Ice Beast      Ice/Summ       27%          26%         4
d - Call Canine Familiar  Summ           35%          5%          3
e - Summon Lightning Spi  Summ/Air       24%          34%         4

Your spell library contained the following spells:

 Spells                   Type           Power        Failure   Level
 Summon Guardian Golem    Hex/Summ       20%          16%         3
 Confusing Touch          Hex            6%           45%         3
 Gell's Gravitas          Tloc           3%           45%         3
 Petrify                  Tmut/Erth      6%           85%         4
 Metabolic Englaciation   Hex/Ice        6%           93%         5
 Yara's Violent Unravell  Hex/Tmut       3%           99%         5


Dungeon Overview and Level Annotations

Branches:
Dungeon (6/15)            Ossuary (visited)
 Temple: D:4-7

Altars:
Kikubaaqudgha
Makhleb
Sif Muna
Wu Jian
The Shining One


Innate Abilities, Weirdness & Mutations

You are small and have problems with some larger weapons.
You are completely attuned to the shadows.
You are surrounded by a mild repulsion field. (EV +2)
Your spells are a little harder to cast, but a little more powerful.


Message History

Your hound bites the orc warrior but does no damage.
The orc warrior barely misses you.
Your hound barely misses the orc warrior.
The orc priest invokes the aid of Beogh against you.
Your hound writhes in agony.
Your iron imp hits the orc warrior.
The orc throws a silver boomerang.
The silver boomerang barely misses your iron imp.
The silver boomerang hits the orc warrior.
The weapon returns to the orc!
The orc warrior hits you from afar with a +0 trident!!
Ouch! That really hurt!
* * * LOW HITPOINT WARNING * * *
Your hound bites the orc priest.
Your hound barely misses the orc warrior.
Something completely misses your hound.
The orc hits your iron imp but does no damage.
Your iron imp hits the orc.
There is a stone staircase leading down here.
The orc warrior hits you from afar with a +0 trident.
You die...

#...# .... #..#
#..####
.##+#.@...+
#..:......##
+......o..# #
#...o5h...# #.
+..o......#
##.####.........#
.....o...$...####
##.#...####### #
#...#


You could see an orc warrior, an orc priest, an orc, a friendly hound (summoned)
and a friendly iron imp (summoned).

Vanquished Creatures
  A phantom (D:4)
  2 orc wizards
  A big kobold zombie (Ossuary)
  An ufetubus (D:5)
  An ooze (D:2)
  A leopard gecko (D:4)
  An orc (D:4)
  A giant cockroach (D:1)
  2 goblins
  A hobgoblin (D:2)
  2 jackals (D:3)
  3 quokkas
  3 bats
  A hobgoblin zombie (Ossuary)
  2 rats
23 creatures vanquished.

Vanquished Creatures (collateral kills)
  Sigmund (D:2)
  An ice beast (D:5)
  An ogre (D:5)
  Blork the orc (D:4)
  A centaur zombie (Ossuary)
  A jelly (D:5)
  A hound (D:4)
  3 orc priests
  3 iron imps (D:5)
  5 orc wizards
  3 worker ants
  2 big kobold zombies (Ossuary)
  2 mummies (Ossuary)
  6 adders
  7 gnolls
  An adder zombie (D:5)
  A dart slug (D:3)
  6 leopard geckos
  16 orcs
  A ball python (D:4)
  4 giant cockroaches
  2 gnoll zombies (Ossuary)
  5 goblins
  5 hobgoblins
  6 jackals
  A quokka (D:4)
  4 bats
  3 frilled lizards (D:3)
  3 goblin zombies (Ossuary)
  A hobgoblin zombie (Ossuary)
  A jackal skeleton (D:4)
  7 kobolds
  3 orc zombies (Ossuary)
  4 rats
112 creatures vanquished.

Vanquished Creatures (others)
  16 fungi (D:5)
  A withered plant (D:2)
17 creatures vanquished.

Grand Total: 152 creatures vanquished

Notes
Turn   | Place    | Note
-------+----------+-------------------------------------------
     0 | D:1      | witty the Kobold Summoner began the quest for the Orb.
     0 | D:1      | Reached XP level 1. HP: 10/10 MP: 3/3
   444 | D:1      | Reached XP level 2. HP: 13/15 MP: 1/5
  1156 | D:1      | Learned a level 2 spell: Call Imp
  1475 | D:2      | Reached XP level 3. HP: 15/19 MP: 2/6
  2227 | D:2      | Found an ancient bone altar of Kikubaaqudgha.
  2331 | D:2      | Noticed Sigmund
  3157 | D:3      | Reached XP level 4. HP: 17/24 MP: 2/8
  4400 | D:3      | Reached XP level 5. HP: 28/28 MP: 4/10
  4977 | D:3      | Reached skill level 5 in Summonings
  5257 | D:4      | Noticed a phantom
  5301 | D:4      | Found a shimmering blue altar of Sif Muna.
  5303 | D:4      | Became a worshipper of Sif Muna the Loreminder
  5381 | D:4      | Found a glowing golden altar of the Shining One.
  5424 | D:4      | Gained mutation: You are surrounded by a mild repulsion
                  | field. (EV +2) [potion of mutation]
  5424 | D:4      | Gained mutation: Your spells are a little harder to cast,
                  | but a little more powerful. [potion of mutation]
  5436 | D:4      | Reached XP level 6. HP: 10/33 MP: 9/11
  5767 | D:4      | Reached skill level 1 in Polearms
  5820 | D:4      | Learned a level 4 spell: Summon Ice Beast
  6045 | D:4      | Found an ornate altar of the Wu Jian Council.
  6124 | D:4      | Noticed Blork the orc
  6139 | D:4      | Killed Blork the orc
  6686 | D:2      | Killed Sigmund
  6687 | D:2      | Reached skill level 1 in Ice Magic
  6805 | D:4      | Learned a level 3 spell: Call Canine Familiar
  6834 | D:4      | Killed a phantom
  6835 | D:4      | Reached XP level 7. HP: 29/37 MP: 4/13
  6923 | D:5      | Entered Level 5 of the Dungeon
  6956 | D:5      | Found a sand-covered staircase.
  6984 | D:5      | You fall into a shaft and drop 1 floor!
  7099 | Ossuary  | Entered an ossuary
  7147 | Ossuary  | Reached * piety under Sif Muna
  7535 | D:5      | Reached skill level 6 in Summonings
  7543 | D:5      | Learned a level 4 spell: Summon Lightning Spire
  7877 | D:5      | Reached skill level 5 in Spellcasting
  8080 | D:5      | Found a burning altar of Makhleb.
  8090 | D:5      | Reached skill level 1 in Air Magic
  8092 | D:5      | Reached ** piety under Sif Muna
  8406 | D:5      | Reached XP level 8. HP: 42/42 MP: 11/15
  9316 | D:6      | HP: 2/42 [orc warrior/+0 trident (22)]
  9318 | D:6      | Slain by an orc warrior

Illustrated notes

Levels and vault maps discovered:
D:1:      zelgadis_glass_arrival_small, layout_basic, st_stairs_10,
          kennysheep_nondescript, minmay_misc_feat_secret_circle
D:2:      layout_loops_ring, kiku_gazebo_garden_becter, fountainhead,
          st_stairs_9, minmay_pentomino_o2, uniq_sigmund
D:3:      layout_basic, st_stairs_4, minmay_door_square, minmay_pentangle
D:4:      layout_cave_pools, lemuel_round_altar, nicolae_overflow_hidden_temple,
          overflow_temple_1_default, portal_sewer_entry_f, uniq_blork_the_orc
D:5:      layout_basic, demons_altar, chequers_ossuary_entry_cave,
          serial_aquarium, aquarium_bridge_island_small
          [aquarium_subvault_small_water, aquarium_subvault_bridge,
          aquarium_subvault_wall, aquarium_subvault_wall,
          aquarium_subvault_window], aquarium_bridge_square
          [aquarium_subvault_bridge, aquarium_subvault_balcony,
          aquarium_subvault_bridge, aquarium_subvault_wall],
          aquarium_window_corner, aquarium_window_3, aquarium_window_fake,
          aquarium_view_2e, aquarium_view_2e, minivault_27
D:6:      layout_basic, minmay_temple_entry_enclosed_plants, serial_shops,
          nicolae_shop_stone, uniq_grinder, uniq_pikel

Skill      XL: |  1  2  3  4  5  6  7  8 |
---------------+-------------------------+-----
Spellcasting   | 3 4 5 |  5.2
Stealth        | 3 4 |  4.1
Summonings     | 5 6 |  6.2
Polearms       | 1 |  1.1
Ice Magic      | 1 2 3 |  3.0
Air Magic      | 1 |  1.5
Fighting       | |  0.8
Dodging        | |  2.4

Action                   |  1- 3 |  4- 6 |  7- 9 || total
-------------------------+-------+-------+-------++-------
Melee: Unarmed           |    28 |       |       ||    28
       Dagger            |    21 |       |       ||    21
       Spear             |    53 |   126 |    62 ||   241
 Cast: Summon Small Mamm |    43 |    23 |     1 ||    67
       Call Imp          |    14 |    48 |    24 ||    86
       Call Canine Famil |       |     1 |    22 ||    23
  Use: Scroll            |     5 |     1 |     2 ||     8
       Potion            |     2 |     3 |       ||     5
 Stab: Sleeping          |     7 |     3 |     3 ||    13
       Distracted        |       |     1 |     3 ||     4
Armor: Robe              |    26 |    19 |     4 ||    49
Dodge: Dodged            |    97 |   112 |    61 ||   270
